 Dungeon Crawl Stone Soup version 0.32-a0-33-g74fbe469d6 (webtiles) character file.

Game seed: 8264786926492462738

67 Conn the Sneak (level 3, 17/17 HPs)
             Began as a Felid Fire Elementalist on Jan 21, 2024.
             Quit the game on level 2 of the Dungeon.
             The game lasted 00:03:12 (1269 turns).

Conn the Sneak (Felid Fire Elementalist)            Turns: 1269, Time: 00:03:12

Health: 17/17      AC:  5    Str:  4    XL:     3   Next: 98%
Magic:  5/7        EV: 17    Int: 20    God:
Gold:   70         SH:  0    Dex: 16    Spells: 1/7 levels left
                                        Lives:  0   Deaths: 1

rFire   . . .        (weapon unavailable)
rCold   . . .        (shield unavailable)
rNeg    . . .        (body armour unavailable)
rPois   .            (helmet unavailable)
rElec   .            (cloak unavailable)
rCorr   .            (gloves unavailable)
SInv    +            (boots unavailable)
Will    .....        (no amulet)
Stlth   ++           h - +4 ring of protection
HPRegen 0.22/turn    (no ring)
MPRegen 0.10/turn

%: no passive effects
@: very slightly contaminated
A: very small, claws 1, fangs 3, see invisible, shaggy fur 1, stealthy paws, no
weapons or thrown items, no armour, multi-lived
a: no special abilities


You were on level 2 of the Dungeon.
You visited 1 branch of the dungeon, and saw 2 of its levels.

You collected 70 gold pieces.

Inventory:

Jewellery
 h - a +4 ring of protection (left paw)
Scrolls
 b - a scroll of brand weapon {unknown}
 c - a scroll of identify {unknown}
 f - a scroll of teleportation {unknown}
Potions
 d - a potion of might {unknown}
 e - a potion of ambrosia {unknown}
 g - a potion of lignification {unknown}
 i - a potion of haste {unknown}


   Skills:
 + Level 0.6 Fighting
 + Level 3.1 Dodging
 + Level 3.2 Stealth
 + Level 0.6 Unarmed Combat
 * Level 2.5 Spellcasting
 * Level 1.8 Conjurations
 + Level 0.6 Hexes
 + Level 2.9 Fire Magic


You had one spell level left.
You knew the following spells:

 Your Spells              Type           Power      Damage    Failure   Level
a - Foxfire               Conj/Fire      48%        2x1d6     5%          1
b - Scorch                Fire           28%        2d6       7%          2
c - Inner Flame           Hex/Fire       9%         N/A       22%         3

Your spell library contained the following spells:

 Spells                   Type           Power      Damage    Failure   Level
 Volatile Blastmotes      Fire/Tloc      16%        2d11      24%         3
 Flame Wave               Conj/Fire      12%        2d6       50%         4


Dungeon Overview and Level Annotations

Branches:
Dungeon (2/15)

Altars:


Innate Abilities, Weirdness & Mutations

You have sharp claws.
You have razor-sharp teeth.
You have supernaturally acute eyesight. (SInv)
You are covered in fur. (AC +1)
Your paws help you pounce on unaware monsters.
You are incapable of wielding weapons or throwing items.
You cannot wear armour.
You gain extra lives every three experience levels.


Message History

You are no longer poisoned.
Unknown command.
Casting: Scorch (safe; 7% risk of failure)
Confirm with . or Enter, or press ? or * to list all spells.
Flames lash the endoplasm.
The endoplasm is almost dead.
The endoplasm's fire resistance burns away.
The endoplasm freezes you.
You are frozen.
* * * LOW HITPOINT WARNING * * *
Unknown command.
Unknown command.
Unknown command.
Unknown command.
You barely miss the endoplasm.
The endoplasm is almost dead.
The endoplasm freezes you.
You are frozen.
You die...
You rejoin the land of the living...
Unknown command.
Casting: Scorch (safe; 7% risk of failure)
Confirm with . or Enter, or press ? or * to list all spells.
You miscast Foxfire.
You are very lightly contaminated with residual magic.
Nothing appears to happen.
The endoplasm is no longer more vulnerable to fire.
Casting: Foxfire (safe; 5% risk of failure)
Confirm with . or Enter, or press ? or * to list all spells.
You conjure some foxfire!
Unknown command.
Casting: Foxfire (safe; 5% risk of failure)
Confirm with . or Enter, or press ? or * to list all spells.
You conjure some foxfire!
The foxfire hits the endoplasm.
You kill the endoplasm!
Unknown command.
Your foxfire dissipates!
Unknown command.
Unknown command.
Are you sure you want to abandon this character and quit the game? (Confirm with "yes".)

#≈≈~....#
#≈≈....)#########
#≈~~..))#.......#
#######$#.......#
#..v.†.)........#
#..§..§v........#
######§.§..........#
#...§§§§...........#
#....@........######
#...........#########+
#.........÷÷#.).[.....
#.........#......(....
###########.#.........
#.#.........
#.#.........
#.#......>..
#.####......


There were no monsters in sight!

Vanquished Creatures
  2 adders (D:2)
  A dart slug (D:1)
  4 ball pythons
  2 bats (D:1)
  5 endoplasms
  A giant cockroach (D:1)
  9 goblins
  4 hobgoblins (D:1)
  4 kobolds
  A quokka (D:1)
  2 frilled lizards (D:2)
  8 rats
43 creatures vanquished.

Vanquished Creatures (others)
  93 foxfires
93 creatures vanquished.

Grand Total: 136 creatures vanquished

Notes
Turn   | Place    | Note
-------+----------+-------------------------------------------
     0 | D:1      | Conn the Felid Fire Elementalist began the quest for the
                  | Orb.
     0 | D:1      | Reached XP level 1. HP: 9/9 MP: 4/4
    37 | D:1      | Reached skill level 1 in Conjurations
   143 | D:1      | Reached XP level 2. HP: 13/13 MP: 0/6
   648 | D:1      | Reached XP level 3. HP: 16/16 MP: 1/7
   651 | D:1      | Learned a level 2 spell: Scorch
   655 | D:1      | Learned a level 3 spell: Inner Flame
  1263 | D:2      | Frozen to death by an endoplasm
  1263 | D:2      | Lost a life (0 lives remaining)
  1269 | D:2      | Quit the game

Illustrated notes

Levels and vault maps discovered:
D:1:      sevenhm_arrival_forest_fort_large_4, layout_rooms,
          minmay_misc_feat_diagonals, minmay_fountain_box, minmay_surrounded
D:2:      layout_basic, minmay_goblin_outpost, uniq_robin, uniq_terence,
          uniq_natasha, uniq_jessica

Skill      XL: |  1  2 |
---------------+-------+-----
Conjurations   | 1 |  1.8
Stealth        | 3 |  3.2
Dodging        | 3 |  3.1
Fighting       | |  0.6
Unarmed Combat | |  0.6
Spellcasting   | |  2.5
Hexes          | |  0.6
Fire Magic     | |  2.9

Action                     || total
---------------------------++-------
  Melee: Unarmed           ||    28
         Bite              ||     2
   Cast: Foxfire           ||    58
         Scorch            ||     5
    Use: Potion            ||     1
   Stab: Sleeping          ||     1
 Armour: Skin              ||    16
  Dodge: Dodged            ||    38

Table legend: (Time is in decaauts)
 A = Elapsed time spent in this place.
 B = Non-inter-level travel time spent in this place.
 C = Inter-level travel time spent in this place.
 D = Time resting spent in this place.
 E = Time spent auto-exploring this place.
 F = Levels seen in this place.
 G = Mean time per level.
                   A        B        C        D        E       F      G
               +--------+--------+--------+--------+--------+-----+--------+
         Total |   1268 |   1257 |     11 |      0 |    905 |   2 |  634.0 |
       Dungeon |   1268 |   1257 |     11 |      0 |    905 |   2 |  634.0 |
               +--------+--------+--------+--------+--------+-----+--------+

Top non-repeatable levels by time:
     D:1: 962 daAuts
     D:2: 306 daAuts
